 Dungeon Crawl Stone Soup version 0.29-a0-577-gafbf2c5d25 (webtiles) character file.

Game seed: 886597876757930165

10980 DocClef the Fighter (level 11, -3/99 HPs)
             Began as a Pale Draconian Delver on June 13, 2022.
             Was a High Priest of Okawaru.
             Slain by a very large slime creature (34 damage)
             ... on level 12 of the Dungeon.
             The game lasted 00:16:47 (12637 turns).

DocClef the Fighter (Pale Draconian Delver)        Turns: 12637, Time: 00:16:47

Health: -3/99      AC: 10    Str: 14    XL:     11   Next: 43%
Magic:  11/11      EV: 20    Int: 11    God:    Okawaru [*****.]
Gold:   945        SH: 12    Dex: 27    Spells: 10/10 levels left

rFire   + . .      SeeInvis .   i - +0 dagger (elec)
rCold   + + +      Faith    .   H - +0 buckler
rNeg    . . .      Spirit   .   (body armour unavailable)
rPois   .          Reflect  +   (helmet restricted)
rElec   .          Harm     .   k - +0 cloak
rCorr   .          Rampage  .   (no gloves)
Will    .....      NoCast   +   J - +1 pair of boots of Pifrov {-Cast *Slow rC+++ Dex+10}
Stlth   +++++.....              v - amulet of reflection
HPRegen 0.26/turn               x - ring of protection from fire
MPRegen 0.12/turn               (no ring)

@: no status effects
A: breathe steam, AC +7, unfitting armour, cold-blooded, steam resistance
a: Breathe Steam, Renounce Religion, Heroism, Finesse, Duel


You were on level 12 of the Dungeon.
You worshipped Okawaru.
Okawaru was extremely pleased with you.
You visited 3 branches of the dungeon, and saw 14 of its levels.

You collected 945 gold pieces.

Inventory:

Hand Weapons
 i - a +0 dagger of electrocution (weapon)
 u - a +1 dagger of speed
 D - a +0 demon whip of venom
Missiles
 E - 3 throwing nets (quivered)
Armour
 k - a +0 cloak (worn)
 p - a +0 pair of boots
 H - a +0 buckler (worn)
 J - the +1 pair of boots of Pifrov (worn) {-Cast *Slow rC+++ Dex+10}
   (You found it on level 11 of the Dungeon)

   Dex:       It affects your dexterity (+10).
   rC:        It renders you almost immune to cold.
   -Cast:     It prevents spellcasting.
   *Slow:     It may slow you when you take damage.
Jewellery
 g - an amulet of guardian spirit
 v - an amulet of reflection (around neck)
 w - an amulet of magic regeneration
 x - a ring of protection from fire (left hand)
 G - a ring of fire
Wands
 f - a wand of digging (9)
 m - a wand of flame (38)
 y - a wand of iceblast (14)
 C - a wand of acid (9)
Scrolls
 a - 2 scrolls of vulnerability {unknown}
 b - 6 scrolls of fog
 c - 2 scrolls of magic mapping
 d - a scroll of fear
 h - a scroll of amnesia {unknown}
 q - 10 scrolls of identify {unknown}
 r - 2 scrolls of blinking {unknown}
 s - 3 scrolls of teleportation {unknown}
 t - a scroll of summoning {unknown}
 A - 3 scrolls of noise {unknown}
Potions
 e - 2 potions of haste
 j - 2 potions of heal wounds
 l - 4 potions of brilliance {unknown}
 n - 2 potions of flight {unknown}
 o - 2 potions of lignification {unknown}
 z - 2 potions of might {unknown}
 B - 3 potions of curing {unknown}
 F - a potion of mutation {unknown}
 I - 2 potions of ambrosia {unknown}
 K - a potion of invisibility {unknown}


   Skills:
 + Level 10.1 Fighting
 + Level 9.1 Short Blades
 + Level 8.4 Dodging
 + Level 9.8 Stealth
 - Level 5.0 Shields


You had 10 spell levels left.
You didn't know any spells.
Your spell library contained the following spells:

 Spells                   Type           Power      Damage    Failure   Level
 Apportation              Tloc           0%         N/A       41%         1
 Slow                     Hex            0%         N/A       41%         1
 Sublimation of Blood     Necr           0%         N/A       56%         2
 Wereblood                Tmut           0%         N/A       56%         2
 Confusing Touch          Hex            0%         N/A       80%         3
 Dazzling Flash           Conj/Hex       0%         N/A       80%         3
 Vampiric Draining        Necr           0%         2d6       80%         3
 Agony                    Necr           0%         N/A       100%        5
 Alistair's Intoxication  Tmut/Pois      0%         N/A       100%        5
 Blade Hands              Tmut           0%         N/A       100%        5
 Silence                  Hex/Air        0%         N/A       100%        5
 Iron Shot                Conj/Erth      0%         9d1       100%        6
 Animate Armour           Summ/Erth      Unusable   N/A       N/A         4
 Summon Hydra             Summ           Unusable   N/A       N/A         7

Dungeon Overview and Level Annotations

Branches:
Dungeon (12/15)            Temple (1/1) D:5             Orc (1/2) D:9
   Lair: D:8-11

Altars:
Ashenzari
Cheibriados
Dithmenos
Elyvilon
Fedhas
Gozag
Hepliaklqana
Kikubaaqudgha
Makhleb
Nemelex Xobeh
Okawaru
Qazlal
Ru
Sif Muna
Trog
Uskayaw
Vehumet
Wu Jian
Xom
Yredelemnul
Zin
The Shining One
Beogh

Shops:
D:6 *   D:10 !   D:12 !

Annotations:
D:6 3 runed translucent doors, Gelos's ghost, novice TrGl; spaghetti's ghost, novice GnWn
D:11 Nergalle


Innate Abilities, Weirdness & Mutations

You can breathe blasts of scalding, opaque steam.
Your pale cyan-grey scales are hard. (AC +7)
You cannot fit into any form of body armour.
You are cold-blooded and may be slowed by cold attacks.
You are immune to the effects of steam.


Message History

You exhale a blast of scalding steam.
The ball of steam hits the very large slime creature!
The very large slime creature is heavily wounded.
The very large slime creature is engulfed in a cloud of scalding steam.
You hit the very large slime creature.
The very large slime creature is heavily wounded.
The very large slime creature is engulfed in a cloud of scalding steam.
You block the very large slime creature's attack.
You hit the very large slime creature.
Lightning courses through the very large slime creature!
You tail-slap the very large slime creature, but do no damage.
The very large slime creature is severely wounded.
You hit the very large slime creature.
The very large slime creature is severely wounded.
The very large slime creature is engulfed in a cloud of scalding steam.
You block the very large slime creature's attack.
You hit the very large slime creature.
The very large slime creature is severely wounded.
The very large slime creature is engulfed in a cloud of scalding steam.
The very large slime creature completely misses you.
You barely miss the very large slime creature.
The very large slime creature is severely wounded.
You barely miss the very large slime creature.
You tail-slap the very large slime creature.
The very large slime creature is severely wounded.
The very large slime creature hits you!!!
Ouch! That really hurt!
* * * LOW HITPOINT WARNING * * *
You hit the very large slime creature.
The very large slime creature is severely wounded.
The very large slime creature misses you.
You hit the very large slime creature.
The very large slime creature is severely wounded.
The very large slime creature attacks as you move away!
The very large slime creature misses you.
You have got your breath back.
Okay, then.
You feel much better.
The very large slime creature hits you!!
You die...

#.........#
#.........#
#...# #.#
#...#####.#
#.........##.#..
#...............
#..####'#..#....
#.. #J#..# ...
#.. #@#..##..#
#.. #∩#......
#.. #.≈......
#.. #.≈######
#<#...+ #.#...#
#.#...# #+# ###


You could see a very large slime creature.

Vanquished Creatures
  2 two-headed ogres
  Amaemon (D:8)
  A slime creature (D:12)
  Pikel (D:7)
  An orange demon (D:8)
  2 trolls
  2 shadows (D:9)
  10 yaks
  5 vampire mosquitoes (D:10)
  2 steam dragons
  3 acid dragons
  2 water moccasins (D:7)
  A swamp drake (D:9)
  10 orc warriors
  2 black bears
  A sky beast (D:6)
  An ogre (D:8)
  5 centaurs
  2 lemures (D:7)
  2 phantoms (D:7)
  4 bullfrogs
  2 kobold brigands (D:9)
  A gnoll sergeant (D:10)
  2 scorpions
  A necrophage (D:5)
  9 wights
  12 killer bees
  3 hounds
  6 orc priests
  Terence (D:2)
  Jessica (D:2)
  2 iguanas
  5 orc wizards
  6 adders
  11 gnolls
  2 shadow imps (D:6)
  2 white imps
  An ufetubus (D:5)
  A dart slug (D:1)
  41 orcs
  2 ball pythons
  4 bats
  8 endoplasms
  4 giant cockroaches
  8 goblins
  5 hobgoblins
  4 jackals (D:1)
  17 kobolds
  2 quokkas
  2 frilled lizards
  3 rats (D:1)
228 creatures vanquished.

Vanquished Creatures (others)
  An orc (D:9)
  A plant (D:11)
2 creatures vanquished.

Grand Total: 230 creatures vanquished

Notes
Turn   | Place    | Note
-------+----------+-------------------------------------------
     0 | D:5      | DocClef the Draconian Delver began the quest for the Orb.
     0 | D:5      | Reached XP level 1. HP: 19/19 MP: 1/1
   160 | D:5      | Noticed a necrophage
   172 | D:4      | Noticed a hound
   181 | D:4      | Killed a hound
   182 | D:4      | Reached XP level 2. HP: 22/27 MP: 2/2
   182 | D:4      | Reached XP level 3. HP: 27/33 MP: 3/3
   588 | D:4      | Reached XP level 4. HP: 40/40 MP: 4/4
   748 | D:3      | Found a snail-covered altar of Cheibriados.
   764 | D:3      | Reached skill level 4 in Fighting
   764 | D:3      | Reached skill level 5 in Stealth
  1445 | D:3      | Found a radiant altar of Vehumet.
  1453 | D:3      | Found an ancient bone altar of Kikubaaqudgha.
  1454 | D:3      | Found a broken altar of Ashenzari.
  1501 | D:3      | Found a faded altar of an unknown god.
  1778 | D:2      | Noticed Terence
  1794 | D:2      | Killed Terence
  1795 | D:2      | Reached XP level 5. HP: 18/46 MP: 5/5
  2692 | D:2      | Noticed Jessica
  2698 | D:2      | Killed Jessica
  3317 | D:5      | Reached XP level 6. HP: 40/53 MP: 6/6
  3792 | D:5      | Found a staircase to the Ecumenical Temple.
  3808 | D:5      | Reached skill level 5 in Fighting
  3834 | Temple   | Entered the Ecumenical Temple
  3942 | Temple   | Became a worshipper of Warmaster Okawaru
  4659 | D:5      | Found an ornate altar of the Wu Jian Council.
  4667 | D:5      | Found a burning altar of Makhleb.
  4737 | D:5      | Your scales start taking on a pale cyan-grey colour.
  4737 | D:5      | Reached XP level 7. HP: 26/61 MP: 7/7
  4737 | D:5      | Gained mutation: You are immune to the effects of steam.
                  | [Pale Draconian growth]
  5046 | D:6      | HP: 1/62 [orc warrior/+0 short sword (13)]
  5050 | D:6      | Reached * piety under Okawaru
  5304 | D:6      | Found Fubinna's General Store.
  5435 | D:6      | Reached skill level 6 in Fighting
  5693 | D:6      | Found a runed translucent gate.
  5693 | D:6      | Found a runed translucent gate.
  5693 | D:6      | Found a runed translucent gate.
  5738 | D:6      | Noticed spaghetti's ghost (novice GnWn)
  5738 | D:6      | Noticed Gelos's ghost (novice TrGl)
  5903 | D:6      | Reached skill level 5 in Short Blades
  5903 | D:6      | Reached XP level 8. HP: 70/70 MP: 8/8
  5950 | D:6      | Found a glowing golden altar of the Shining One.
  5954 | D:6      | Found a white marble altar of Elyvilon.
  5954 | D:6      | Found a glowing silver altar of Zin.
  6310 | D:7      | Reached skill level 5 in Dodging
  6704 | D:7      | Reached skill level 7 in Fighting
  6755 | D:7      | Reached ** piety under Okawaru
  6756 | D:7      | Reached XP level 9. HP: 79/79 MP: 9/9
  7016 | D:7      | Noticed Pikel
  7034 | D:7      | Killed Pikel
  7332 | D:7      | Found a shadowy altar of Dithmenos.
  7571 | D:8      | Noticed a two-headed ogre
  7574 | D:8      | Killed a two-headed ogre
  7574 | D:8      | Reached *** piety under Okawaru
  7575 | D:8      | Reached skill level 8 in Fighting
  7861 | D:8      | Noticed an orange demon
  7861 | D:8      | Noticed a troll
  7861 | D:8      | Noticed Amaemon
  7884 | D:8      | Killed an orange demon
  7884 | D:8      | Reached **** piety under Okawaru
  7885 | D:8      | Reached XP level 10. HP: 90/90 MP: 10/10
  7937 | D:8      | Killed Amaemon
  8123 | D:8      | Reached skill level 9 in Fighting
  9005 | D:9      | Identified the +8 chain mail of a sewer {rCorr Str+3}
  9448 | D:9      | Reached ***** piety under Okawaru
  9749 | D:9      | Found a basalt altar of Yredelemnul.
 10305 | D:9      | Found a staircase to the Orcish Mines.
 10649 | D:10     | Entered Level 10 of the Dungeon
 10669 | D:10     | Reached XP level 11. HP: 78/99 MP: 11/11
 10780 | D:10     | Reached skill level 10 in Fighting
 10830 | D:10     | Reached skill level 1 in Shields
 11456 | D:10     | Found Inienila's Distillery.
 11496 | D:10     | Noticed a two-headed ogre
 11499 | D:10     | Killed a two-headed ogre
 11499 | D:10     | Received a gift from Okawaru
 11545 | D:10     | Reached skill level 5 in Shields
 12076 | D:10     | Found a sparkling altar of Nemelex Xobeh.
 12076 | D:10     | Found a hazy altar of Hepliaklqana.
 12143 | Orc:1    | Entered Level 1 of the Orcish Mines
 12448 | D:11     | Identified the +1 pair of boots of Pifrov {-Cast *Slow
                  | rC+++ Dex+10}
 12500 | D:11     | Noticed Nergalle
 12503 | D:11     | Noticed a two-headed ogre
 12517 | D:12     | Found Bukhyedgh's Distillery.
 12637 | D:12     | Slain by a very large slime creature

Illustrated notes

Levels and vault maps discovered:
D:1:      psy_arrival_radial01, layout_basic
D:2:      layout_basic, hangedman_decor_peaks_small, uniq_jessica, uniq_terence
D:3:      layout_basic, lemuel_crystal_altar, minitemple,
          ebering_ecumenical_altar_hall, grunt_ministairs_4
D:4:      layout_rooms
D:5:      layout_gridville, amethyst_overflow_temple_binary,
          minmay_temple_entry_stoned_glass
D:6:      layout_basic, good_gods_mini_temple, serial_shops,
          nicolae_square_shop, gammafunk_ghost_cemetery,
          small_statue_intersection
D:7:      layout_basic, grunt_dithmenos_shadows, uniq_pikel
D:8:      layout_rooms, grunt_ogre_cave, uniq_amaemon
D:9:      layout_loops_ring, mainiacjoe_overflow_alcove_1, erik_orc_1
D:10:     layout_loops_ring, gammafunk_temple_overflow_elements, special_room
          [special_room_orc], serial_shops, nicolae_square_shop,
          minmay_misc_feat_square, grunt_ministairs_10
D:11:     nzn_winding_woodlands_three_and_one [nzn_winding_woodlands_5x15_pool,
          nzn_winding_woodlands_5x15_longhouse,
          nzn_winding_woodlands_5x15_cabin,
          nzn_winding_woodlands_center_pierced_h], layout_cave_pools,
          dpeg_oklobed_lair, uniq_erica, uniq_nergalle, uniq_urug
D:12:     layout_stronghold, serial_undead, serial_undead_b, serial_undead_f,
          serial_undead_b, serial_undead_a, serial_shops,
          nicolae_shop_advertising_works [nicolae_subvault_shop_adworks],
          nicolae_shop_hallway_stairs, uniq_nessos, uniq_jorgrun
Temple:   compressed_dpeg_triangle_lava_temple
Orc:1:    layout_caves, serial_shops, nicolae_shop_statue_plus, shop_fountains,
          shop_fountains

Skill      XL: |  1  2  3  4  5  6  7  8  9 10 11 |
---------------+----------------------------------+-----
Dodging        | 2 3 4 5 6 8 |  8.4
Fighting       | 4 5 6 7 8 9 10 | 10.1
Stealth        | 5 6 7 8 9 |  9.8
Short Blades   | 3 4 5 6 7 8 9 |  9.1
Shields        | 5 |  5.0

Action                   |  1- 3 |  4- 6 |  7- 9 | 10-12 || total
-------------------------+-------+-------+-------+-------++-------
Melee: Short sword       |    25 |   145 |       |       ||   170
       Tailslap          |     1 |    44 |    43 |   120 ||   208
       Punch             |     1 |     4 |       |     8 ||    13
       Dagger            |       |   166 |   288 |   691 ||  1145
Invok: Heroism           |       |       |       |     1 ||     1
 Abil: Breathe Steam     |       |       |    15 |    31 ||    46
  Use: Potion            |       |       |     3 |     1 ||     4
 Stab: Sleeping          |     2 |    16 |    14 |     5 ||    37
       Distracted        |       |       |       |     1 ||     1
Armor: Skin              |    11 |    72 |    32 |    86 ||   201
Dodge: Dodged            |    25 |   176 |    81 |   256 ||   538
Block: Other             |       |    27 |    31 |    54 ||   112
       Reflection        |       |       |     1 |       ||     1
       Buckler           |       |       |       |    90 ||    90

Table legend: (Time is in decaauts)
 A = Elapsed time spent in this place.
 B = Non-inter-level travel time spent in this place.
 C = Inter-level travel time spent in this place.
 D = Time resting spent in this place.
 E = Time spent auto-exploring this place.
 F = Levels seen in this place.
 G = Mean time per level.
                   A        B        C        D        E       F      G
               +--------+--------+--------+--------+--------+-----+--------+
         Total |  12042 |  11488 |    554 |   2193 |   7436 |  14 |  860.1 |
       Dungeon |  11921 |  11380 |    541 |   2193 |   7378 |  12 |  993.4 |
        Temple |    115 |    102 |     13 |      0 |     58 |   1 |  115.0 |
  Orcish Mines |      5 |      5 |      0 |      0 |      0 |   1 |    5.0 |
               +--------+--------+--------+--------+--------+-----+--------+

Top non-repeatable levels by time:
     D:9: 1801 daAuts
    D:10: 1410 daAuts
     D:6: 1318 daAuts
     D:8: 1263 daAuts
     D:7: 1252 daAuts
     D:5: 1165 daAuts
     D:2: 1122 daAuts
     D:4: 1017 daAuts
     D:3: 913 daAuts
     D:1: 477 daAuts
  Temple: 115 daAuts
    D:12: 104 daAuts
    D:11: 74 daAuts
   Orc:1: 5 daAuts
